 Dungeon Crawl Stone Soup version 0.29.1-2-gbd0b4ee654 (webtiles) character file.

Game seed: 6907782034658204089

23 zeram the Grave Robber (level 2, -6/15 HPs)
             Began as a Deep Elf Necromancer on Nov 10, 2022.
             Mangled by a gnoll
             ... wielding a +0 spear
              (10 damage)
             ... on level 1 of the Dungeon.
             The game lasted 00:01:56 (1070 turns).

zeram the Grave Robber (Deep Elf Necromancer)       Turns: 1070, Time: 00:01:56

Health: -6/15      AC:  3    Str:  5    XL:     2   Next: 72%
Magic:  6/8        EV: 12    Int: 19    God:
Gold:   27         SH:  0    Dex: 15    Spells: 6/7 levels left

rFire   . . .      SeeInvis .   h - +0 spear
rCold   . . .      Faith    .   (no shield)
rNeg    . . .      Spirit   .   a - +0 robe
rPois   .          Reflect  .   (no helmet)
rElec   .          Harm     .   g - +0 cloak
rCorr   .          Rampage  .   (no gloves)
Will    .....                   (no boots)
Stlth   ++........              (no amulet)
HPRegen 0.05/turn               (no ring)
MPRegen 0.11/turn               (no ring)

@: no status effects
A: no striking features
a: no special abilities


You were on level 1 of the Dungeon.
You visited 1 branch of the dungeon, and saw 1 of its levels.

You collected 27 gold pieces.

Inventory:

Hand Weapons
 e - a +0 flail
 h - a +0 spear (weapon)
Missiles
 c - a throwing net
Armour
 a - a +0 robe (worn)
 g - a +0 cloak (worn)
Scrolls
 d - a scroll of magic mapping {unknown}
 f - 2 scrolls of identify {unknown}
 j - a scroll of teleportation {unknown}
Potions
 b - a potion of magic
 i - 2 potions of curing {unknown}


   Skills:
 + Level 2.6 Dodging
 - Level 2.4 Stealth
 + Level 3.2 Spellcasting
 + Level 5.6 Necromancy


You had 6 spell levels left.
You knew the following spells:

 Your Spells              Type           Power      Damage    Failure   Level
a - Necrotise             Necr           96%        1d8       1%          1

Your spell library contained the following spells:

 Spells                   Type           Power      Damage    Failure   Level
 Vampiric Draining        Necr           24%        2d7       4%          3
 Animate Dead             Necr           24%        N/A       14%         4
 Agony                    Necr           24%        N/A       38%         5


Dungeon Overview and Level Annotations

Branches:
Dungeon (1/15)

Altars:


Message History

You hit the rat but do no damage.
The gnoll hits the plant with a +0 spear!
The plant begins to die.
The rat barely misses you.
The gnoll hits the plant with a +0 spear.
The plant begins to die.
An endoplasm comes into view.
The rat bites you but does no damage.
Casting: Necrotise (safe; 1% risk of failure)
Confirm with . or Enter, or press ? or * to list all spells.
Aiming: Necrotise (safe; 1% risk of failure)
Press: ? - help, Shift-Dir - straight line, f - rat
Aim: a rat (chance to affect: 92%)
The rat writhes in agony.
You kill the rat!
The dead are walking!
The gnoll completely misses the plant.
Casting: Necrotise (safe; 1% risk of failure)
Confirm with . or Enter, or press ? or * to list all spells.
Aiming: Necrotise (safe; 1% risk of failure)
Press: ? - help, Shift-Dir - straight line, f - goblin
Aim: a goblin, wielding a +0 club (ally target, chance to affect: 92%)
The goblin writhes in agony.
You kill the goblin!
The dead are walking!
The gnoll hits the plant with a +0 spear!
The plant begins to die.
The gnoll hits the plant with a +0 spear.
A nearby plant withers and dies. x3
A nearby plant withers and dies.
The gnoll hits you from afar with a +0 spear.
You hit the endoplasm but do no damage.
The gnoll hits you from afar with a +0 spear.
The endoplasm freezes you.
You are frozen.
* * * LOW HITPOINT WARNING * * *
Your rat skeleton bites the plant.
The plant begins to die.
You hit the endoplasm.
The endoplasm is severely wounded.
The gnoll hits you from afar with a +0 spear!
Ouch! That really hurt!
You die...

##)......#'##....#
#รท.....#.........# ...#
...............### ...##
....#..........####.....
...##..........#......##
...............#........
...............#...PP.P.
#......#.......#JP....PP
...............#@Pg....P
....#..........#ZP..P..P
..).#....#####'#.PZ.....
....#######......P.P.P..
......# #......)PPP.P.
......# #.....+.......
###...# #.....###.##.#
##### ####### ....#
################## .###


You could see a gnoll (ally target), an endoplasm, a friendly rat skeleton and a
friendly goblin skeleton.

Vanquished Creatures
  2 dart slugs (D:1)
  An endoplasm (D:1)
  A goblin (D:1)
  2 hobgoblins (D:1)
  3 jackals (D:1)
  2 kobolds (D:1)
  2 ball pythons (D:1)
  2 bats (D:1)
  3 rats (D:1)
18 creatures vanquished.

Vanquished Creatures (others)
  4 plants (D:1)
4 creatures vanquished.

Grand Total: 22 creatures vanquished

Notes
Turn   | Place    | Note
-------+----------+-------------------------------------------
     0 | D:1      | zeram the Deep Elf Necromancer began the quest for the Orb.
     0 | D:1      | Reached XP level 1. HP: 10/10 MP: 6/6
    17 | D:1      | Reached skill level 5 in Necromancy
   265 | D:1      | Reached XP level 2. HP: 8/15 MP: 5/8
   957 | D:1      | Found a faded altar of an unknown god.
  1070 | D:1      | Mangled by a gnoll

Illustrated notes

Levels and vault maps discovered:
D:1:      erik_arrival_cave_to_civilisation [erik_arrival_cave_to_hall],
          layout_basic, shapermc_ecumenical_altar_mp_vishouse,
          nicolae_grassy_gnolls

Skill      XL: |  1 |
---------------+----+-----
Necromancy     | 5 |  5.6
Dodging        | |  2.6
Stealth        | |  2.4
Spellcasting   | |  3.2

Action                   || total
-------------------------++-------
Melee: Unarmed           ||     3
       Spear             ||    20
       Flail             ||     3
 Cast: Necrotise         ||    25
 Stab: Sleeping          ||     1
Armor: Robe              ||     7
Dodge: Dodged            ||    19
